 Dungeon Crawl Stone Soup version 0.22-a0-348-gd16d139 (webtiles) character file.

1815 kidcy the Chiller (level 9, -14/57 HPs)
             Began as a Merfolk Ice Elementalist on Apr 10, 2018.
             Was a Follower of Ashenzari.
             Shot with a sling bullet by Joseph (23 damage)
             ... on level 7 of the Dungeon.
             The game lasted 00:20:43 (10079 turns).

kidcy the Chiller (Merfolk Ice Elementalist)       Turns: 10079, Time: 00:20:43

Health: -14/57     AC:  8    Str:  9    XL:     9   Next: 10%
Magic:  5/32       EV: 13    Int: 17    God:    Ashenzari [*.....]
Gold:   323        SH:  0    Dex: 14    Spells: 6/18 levels left

rFire    . . .     SeeInvis .   H - staff of power
rCold    . . .     Gourm    .   (no shield)
rNeg     . . .     Faith    .   a - +0 robe
rPois    +         Spirit   .   (no helmet)
rElec    .         Reflect  .   s - +2 cloak
rCorr    .         Harm     .   (no gloves)
MR       .....                  B - +2 pair of boots
Stlth    ++........             (no amulet)
HPRegen  0.19/turn              m - ring of poison resistance
MPRegen  0.23/turn              (no ring)

@: very slightly contaminated
A: change form in water, swift swim, stealthy swim
a: Curse Item, Scrying, Renounce Religion


You were on level 7 of the Dungeon.
You worshipped Ashenzari.
Ashenzari was aware of your devotion.
You were very hungry.

You visited 2 branches of the dungeon, and saw 8 of its levels.
You also visited: Sewer.

You collected 323 gold pieces.

Inventory:

Armour
 a - a +0 robe (worn)
 p - a +0 ring mail
 s - a +2 cloak (worn)
 B - a +2 pair of boots (worn)
Magical Staves
 H - an uncursed staff of power (weapon)
Jewellery
 m - a ring of poison resistance (left hand)
Wands
 q - a wand of flame (13)
 v - a wand of random effects (53)
 z - a wand of polymorph (19)
 A - a wand of disintegration (13)
Scrolls
 b - 5 scrolls of amnesia
 d - a scroll of magic mapping
 f - a scroll of identify
 g - 6 scrolls of teleportation
 n - 2 scrolls of blinking
 o - a scroll of fog {unknown}
 x - 2 scrolls of remove curse
 y - a scroll of random uselessness {unknown}
 C - a scroll of enchant weapon {unknown}
 E - a scroll of fear {unknown}
 I - a scroll of acquirement {unknown}
 J - a scroll of immolation {unknown}
Potions
 e - a potion of brilliance
 h - 2 potions of flight
 i - a potion of cancellation
 k - 2 potions of haste
 l - 3 potions of lignification
 r - 2 potions of mutation
 t - a potion of might
 u - 3 potions of invisibility
 w - 2 potions of degeneration
 D - a potion of magic
Comestibles
 c - 16 rations


   Skills:
 - Level 2.6 Dodging
 - Level 2.1 Stealth
 + Level 5.4 Spellcasting
 * Level 4.3 Conjurations
 - Level 3.6 Charms
 - Level 6.0 Summonings
 - Level 6.0 Ice Magic


You had 6 spell levels left.
You knew the following spells:

 Your Spells              Type           Power        Failure   Level  Hunger
a - Freeze                Ice            ####         1%          1    None
c - Ozocubu's Armour      Chrm/Ice       ###.....     5%          3    ##.....
d - Throw Icicle          Conj/Ice       ###.....     16%         4    ####...
s - Summon Ice Beast      Ice/Summ       ####....     11%         4    ####...


Dungeon Overview and Level Annotations

Branches:
Dungeon (7/15)             Temple (1/1) D:6

Altars:
Ashenzari
Cheibriados
Dithmenos
Elyvilon
Fedhas
Gozag
Hepliaklqana
Kikubaaqudgha
Makhleb
Nemelex Xobeh
Okawaru
Qazlal
Ru
Sif Muna
Trog
Uskayaw
Vehumet
Wu Jian
Xom
Yredelemnul
Zin
The Shining One

Annotations:
D:2 exclusion: downstairs
D:3 Gorglomux's ghost, amateur MiEE
D:7 Joseph


Message History

You miscast Summon Ice Beast.
You are very lightly contaminated with residual magic.
Your brain hurts!
You are feeling very hungry.
The ice beast barely misses something.
Joseph shoots a sling bullet.
The sling bullet barely misses your ice beast.
The sling bullet hits you!
* * * LOW HITPOINT WARNING * * *
Your ice beast hits Joseph.
Your ice beast freezes Joseph.
Casting: Summon Ice Beast (safe; 11% risk of failure)
Confirm with . or Enter, or press ? or * to list all spells.
A chill wind blows around you.
Joseph shoots a sling bullet.
The sling bullet hits your ice beast!
Your ice beast barely misses Joseph.
Something closely misses your ice beast.
Unknown command.
You feel better.
Joseph shoots a sling bullet.
The sling bullet barely misses your ice beast.
The sling bullet hits you!!
You die...

.....[............# #....
...........#'###### #....
...........#.#########....
..........'.........'....
.....(....#.####.####....
####.@#####'## #.# #.....
##(##.....# #.# #.....
#.(@Y(.Y..# #.# #.....
#.#(#@....###'########
......Y.#(Y.............#
......###...............#
'##### #...............#
#.(.....###..####
#.....).# #..#
#.......###..######
#............##...#
###...##.##.###...##


You could see Joseph and 3 friendly ice beasts.

Vanquished Creatures
  An ogre (D:4)
  A centaur (D:6)
  A big kobold (D:7)
  A bullfrog (D:7)
  4 scorpions
  A crimson imp (D:6)
  A quasit (D:7)
  3 hounds
  Crazy Yiuf (D:3)
  2 orc priests (D:3)
  3 orc wizards
  Ijyb (D:4)
  3 worker ants
  12 adders
  A river rat (D:4)
  6 oozes
  An adder zombie (D:6)
  5 worms
  4 dart slugs
  5 leopard geckos
  16 orcs
  5 ball pythons
  12 bats
  18 giant cockroaches
  5 goblins
  5 hobgoblins
  9 jackals
  A quokka (D:6)
  10 frilled lizards
  5 kobolds
  A leopard gecko skeleton (D:7)
  7 rats
151 creatures vanquished.

Vanquished Creatures (collateral kills)
  A two-headed ogre (D:6)
  Sigmund (D:5)
  An ogre (D:4)
  A phantom (D:4)
  A bullfrog zombie (D:7)
  An orc priest (D:6)
  2 orc wizards (D:7)
  A hound skeleton (D:7)
  A worker ant zombie (D:6)
  An adder zombie (D:5)
  3 orcs
  A goblin (D:5)
  A hobgoblin (D:5)
  3 kobolds
19 creatures vanquished.

Grand Total: 170 creatures vanquished

Notes
Turn   | Place    | Note
-------+----------+-------------------------------------------
     0 | D:1      | kidcy the Merfolk Ice Elementalist began the quest for the Orb.
     0 | D:1      | Reached XP level 1. HP: 13/13 MP: 3/3
   293 | D:1      | Reached XP level 2. HP: 19/19 MP: 1/5
  1187 | D:2      | Reached XP level 3. HP: 19/24 MP: 1/6
  2168 | D:3      | Reached XP level 4. HP: 30/30 MP: 3/8
  2376 | D:3      | Reached skill level 5 in Ice Magic
  2698 | D:3      | Reached XP level 5. HP: 29/35 MP: 5/9
  2943 | D:3      | Noticed Gorglomux's ghost (amateur MiEE)
  3641 | D:2      | Learned a level 3 spell: Ozocubu's Armour
  3744 | D:3      | Learned a level 4 spell: Summon Ice Beast
  3834 | D:3      | Found a faded altar of an unknown god.
  3916 | D:3      | Found a runed door.
  3920 | D:3      | Noticed Crazy Yiuf
  3927 | D:3      | Killed Crazy Yiuf
  3927 | D:3      | Reached XP level 6. HP: 41/41 MP: 5/11
  4013 | D:3      | Reached skill level 1 in Charms
  4074 | D:4      | Reached skill level 1 in Summonings
  4151 | D:4      | Found a glowing drain.
  4217 | Sewer    | Entered a sewer
  4284 | Sewer    | Learned a level 4 spell: Throw Icicle
  5141 | D:4      | Reached XP level 7. HP: 46/46 MP: 6/12
  5193 | D:4      | You fall through a shaft for 2 floors!
  5200 | D:5      | Entered Level 5 of the Dungeon
  5764 | D:4      | Noticed Ijyb
  5771 | D:4      | Killed Ijyb
  6097 | D:4      | Reached skill level 1 in Conjurations
  6333 | D:5      | Noticed Sigmund
  6340 | D:5      | Killed Sigmund
  6340 | D:5      | Reached XP level 8. HP: 52/52 MP: 2/14
  6428 | D:5      | Found a shadowy altar of Dithmenos.
  7276 | D:6      | Found a staircase to the Ecumenical Temple.
  7410 | Temple   | Entered the Ecumenical Temple
  7639 | Temple   | Became a worshipper of Ashenzari the Shackled
  8026 | D:6      | Noticed a two-headed ogre
  8060 | D:6      | Killed a two-headed ogre
  8060 | D:6      | Reached skill level 5 in Summonings
  8309 | D:6      | Reached skill level 5 in Spellcasting
  8975 | D:7      | Reached XP level 9. HP: 53/57 MP: 16/16
  9094 | D:7      | Reached * piety under Ashenzari
  9402 | D:7      | Found a glowing silver altar of Zin.
  9403 | D:7      | Found an iron altar of Okawaru.
  9505 | D:7      | Noticed Joseph
  9507 | D:7      | HP: 1/57 [ice beast (12)]
  9876 | D:7      | Found a white marble altar of Elyvilon.
 10077 | D:7      | HP: 1/57 [Joseph/sling bullet (16)]
 10079 | D:7      | Shot with a sling bullet by Joseph

Vault maps used:
D:1:      dpeg_arrival_arbitrary_b
D:2:      minmay_misc_feat_rows
D:3:      minmay_roachtagon, first_ration, chequers_ecumenical_altar_simple,
          uniq_crazy_yiuf_cottage
D:4:      portal_sewer_entry_c, kennysheep_generic_room_3, uniq_ijyb
D:5:      corexii_shack_village, grunt_dithmenos_smoke_and_mirrors, uniq_sigmund
D:6:      minmay_temple_entry_glassed_door, corexii_leaking_fountain,
          serial_park_tiny_pond
D:7:      minitemple, nicolae_sextant, kennysheep_generic_room_9, uniq_joseph
Temple:   dpeg_five_rooms_temple
Sewer:    sewer_fruit_machine

Skill      XL: |  1  2  3  4  5  6  7  8  9 |
---------------+----------------------------+-----
Ice Magic      | 4 5 6 |  6.0
Spellcasting   | 3 4 5 |  5.4
Charms         | 2 3 |  3.6
Summonings     | 2 3 5 6 |  6.0
Conjurations   | 1 3 4 |  4.3
Dodging        | |  2.6
Stealth        | |  2.1

Action                   |  1- 3 |  4- 6 |  7- 9 || total
-------------------------+-------+-------+-------++-------
Melee: Unarmed           |    10 |    24 |    87 ||   121
       Staff             |       |       |    32 ||    32
 Cast: Freeze            |    48 |   168 |   106 ||   322
       Summon Ice Beast  |       |       |    40 ||    40
       Ozocubu's Armour  |       |       |     2 ||     2
Evoke: Wand              |       |       |    11 ||    11
  Use: Scroll            |       |     2 |    13 ||    15
       Potion            |       |       |     4 ||     4
 Stab: Distracted        |       |       |     1 ||     1
  Eat: Chunk             |     4 |     9 |    15 ||    28
       Ration            |       |       |     2 ||     2
Armor: Robe              |     8 |    24 |    97 ||   129
Dodge: Dodged            |    28 |   122 |   170 ||   320

Table legend:
 A = Spawn XP
 B = Non-spawn XP
 C = Spawn XP percentage of total XP
 D = Spawn monster count
 E = Non-spawn monster count
 F = Spawn count percentage of total count
 G = Total turns spent on level
                    A         B        C        D         E        F      G
               +---------+---------+-------+---------+---------+-------+---------
         Total |       0 |    2593 |   0.0 |       0 |     170 |   0.0 | 10079
               +---------+---------+-------+---------+---------+-------+---------
           D:1 |       0 |      18 |   0.0 |       0 |      11 |   0.0 |   931
           D:2 |       0 |     115 |   0.0 |       0 |      25 |   0.0 |  1735
           D:3 |       0 |     243 |   0.0 |       0 |      35 |   0.0 |  1398
           D:4 |       0 |     569 |   0.0 |       0 |      24 |   0.0 |  1377
           D:5 |       0 |     231 |   0.0 |       0 |      16 |   0.0 |  1008
           D:6 |       0 |     797 |   0.0 |       0 |      15 |   0.0 |  1167
           D:7 |       0 |     540 |   0.0 |       0 |      19 |   0.0 |  1364
         Sewer |       0 |      80 |   0.0 |       0 |      25 |   0.0 |   817
               +---------+---------+-------+---------+---------+-------+---------
